 Dungeon Crawl Stone Soup version 0.31-a0-523-g071a6c1ffa (webtiles) character file.

Game seed: 9268754716913620086

4 Ethylacetat the Ducker (level 1, 0/12 HPs)
             Began as an Octopode Gladiator on Aug 11, 2023.
             Slain by a jackal (3 damage)
             ... on level 1 of the Dungeon.
             The game lasted 00:00:31 (174 turns).

Ethylacetat the Ducker (Octopode Gladiator)          Turns: 174, Time: 00:00:32

Health: 0/12       AC:  1    Str: 13    XL:     1   Next: 70%
Magic:  1/1        EV: 10    Int: 10    God:
Gold:   34         SH:  0    Dex: 13    Spells: 0/0 levels left

rFire   . . .        a - +0 long sword
rCold   . . .        (no shield)
rNeg    . . .        b - +0 hat
rPois   .            (no amulet)
rElec   .            (no ring)
rCorr   .            (no ring)
SInv    .            (no ring)
Will    .....        (no ring)
Stlth   ++           (no ring)
HPRegen 0.22/turn    (no ring)
MPRegen 0.07/turn    (no ring)
                     (no ring)

%: no passive effects
@: constricted
A: reduced essence, almost no armour, amphibious, 8 rings, camouflage 1,
gelatinous body 1, (nimble swimmer 1), tentacles
a: no special abilities


You were on level 1 of the Dungeon.
You visited 1 branch of the dungeon, and saw 1 of its levels.

You collected 34 gold pieces.

Inventory:

Hand Weapons
 a - a +0 long sword (weapon)
Missiles
 c - 3 throwing nets (quivered)
 d - a javelin
Armour
 b - a +0 hat (worn)
Jewellery
 e - a ring of ice
Potions
 f - a potion of heal wounds {unknown}
 g - a potion of haste {unknown}
 h - a potion of lignification {unknown}


   Skills:
 + Level 2.1 Fighting
 + Level 3.0 Long Blades
 - Level 2.0 Throwing
 + Level 3.0 Dodging
 + Level 0.7 Stealth


You couldn't memorise any spells.
You didn't know any spells.
Your spell library was empty.

Dungeon Overview and Level Annotations

Branches:
Dungeon (1/15)

Altars:
Hepliaklqana


Innate Abilities, Weirdness & Mutations

Your life essence is reduced to manifest your ancestor. (-10% HP)
You cannot wear most types of armour.
You are amphibious.
You can wear up to eight rings at the same time.
Your skin changes colour to match your surroundings (Stealth+).
Your rubbery body absorbs attacks. (AC +1, EV +1)
((You are camouflaged when in or above water. (Stealth+)))
You have tentacles for arms and can constrict up to eight enemies at once.


Message History

A jackal comes into view.
A ball python comes into view.
You barely miss the jackal.
The ball python hisses angrily.
Your grab misses the jackal. The jackal misses you.
A jackal comes into view.
The jackal bites you.
You closely miss the jackal.
The jackal barks!
You grab the jackal. You constrict the jackal.
You hear a bark!
The jackal closely misses you.
You hit the jackal.
You kill the jackal!
The jackal closely misses you. x2
You barely miss the jackal. You grab the jackal. You squeeze the jackal.
You kill the jackal!
The ball python bites you. The ball python grabs you.
The ball python constricts you.
You hit the ball python. Your grab misses the ball python.
Your squeeze misses the ball python.
The ball python is moderately wounded.
The ball python bites you. The ball python constricts you.
The jackal bites you.
* * * LOW HITPOINT WARNING * * *
You are too injured to fight recklessly!
You are too injured to fight recklessly!
You are too injured to fight recklessly!
You are too injured to fight recklessly!
You barely miss the ball python.
The jackal barks!
You grab the ball python.
The ball python is moderately wounded.
You constrict the ball python.
You hear a shout!
The ball python misses you. The ball python constricts you.
The jackal completely misses you. The ball python bites you.
* * * LOW HITPOINT WARNING * * *
The ball python constricts you. The jackal bites you.
You die...

# ##### #####...########
## ...............#.# ..
####...######.#.#
...####...######.#.######
#.h.....................
###..)S@_.#####.#.######
.......h...........##....
####....$..#####.#.######
.!...........##...#
###.....?.##.###..######
#.......##.# #........
#.......##.###......#.
###.............###.#.
.######.###......#.


You could see 2 jackals and a ball python.

Vanquished Creatures
  2 endoplasms (D:1)
  2 jackals (D:1)
  A quokka (D:1)
  A kobold (D:1)
6 creatures vanquished.

Notes
Turn   | Place    | Note
-------+----------+-------------------------------------------
     0 | D:1      | Ethylacetat the Octopode Gladiator began the quest for the
                  | Orb.
     0 | D:1      | Reached XP level 1. HP: 14/14 MP: 1/1
   145 | D:1      | Found a faded altar of an unknown god.
   166 | D:1      | Prayed at the altar of an unknown god.
   166 | D:1      | Became a worshipper of Hepliaklqana the Forgotten
   166 | D:1      | Reached * piety under Hepliaklqana
   167 | D:1      | Fell from the grace of Hepliaklqana
   174 | D:1      | Slain by a jackal

Illustrated notes

Levels and vault maps discovered:
D:1:      heliophobic_arrival_battle_scene, layout_basic, basic_ecumenical_altar

Action                     || total
---------------------------++-------
  Melee: Long sword        ||    12
         Constrict         ||     4
         Tentacles         ||     3
 Invoke: Renounce Religion ||     1
 Armour: Skin              ||     1
  Dodge: Dodged            ||     9

Table legend: (Time is in decaauts)
 A = Elapsed time spent in this place.
 B = Non-inter-level travel time spent in this place.
 C = Inter-level travel time spent in this place.
 D = Time resting spent in this place.
 E = Time spent auto-exploring this place.
 F = Levels seen in this place.
 G = Mean time per level.
                   A        B        C        D        E       F      G
               +--------+--------+--------+--------+--------+-----+--------+
         Total |    176 |    176 |      0 |      0 |    139 |   1 |  176.0 |
       Dungeon |    176 |    176 |      0 |      0 |    139 |   1 |  176.0 |
               +--------+--------+--------+--------+--------+-----+--------+

Top non-repeatable levels by time:
     D:1: 176 daAuts
